Map: 궤도 조선소

Players

Namshar

  • Race: Zerg Zerg

Apocalypse - Winner!

  • Race: Terran Terran

Event: Gauntlet LotV Series 1 Qualifier 1

VOD

Have the link to the VOD?

Description

Time

  • Played on: Nov. 22, 2015, 6:26 p.m.
  • Length: 13:44

All games in this series

Show
View Real Time Build Order
Export as new Build Order

Namshar Zerg 

Build Orders: Hatch First, Muta Ling Bane 

Get SALT Encoding   

  12  0:01  Drone  
  13  0:12  Overlord  
  13  0:17  Drone  
  14  0:31  Drone x2  
  14  0:35  Drone  
  17  0:54  Hatchery  
  17  0:56  Drone  
  17  1:02  Drone  
  18  1:10  Extractor  
  17  1:14  Spawning Pool  
  16  1:21  Drone x2  
  18  1:29  Drone  
  19  1:42  Overlord  
  19  2:01  Queen  
  19  2:02  Zergling x4  
  19  2:07  Queen  
  25  2:12  Zergling x2  
  25  2:14  Metabolic Boost  
  26  2:19  Drone x2  
  28  2:24  Drone  
  29  2:32  Drone  
  30  2:37  Queen  
  30  2:42  Drone  
  30  2:43  Overlord  
  32  2:44  Zergling x2  
  32  2:49  Queen  
  35  3:00  Drone  
  35  3:03  Drone  
  35  3:04  Drone  
  38  3:09  Drone x2  
  38  3:10  Drone x2  
  42  3:19  Hatchery  
  41  3:24  Overlord  
  41  3:28  Drone x2  
  41  3:29  Drone  
  44  3:41  Overlord  
  43  3:43  Spore Crawler  
  42  3:49  Drone x3  
  46  3:58  Drone x3  
  46  3:59  Roach Warren, Drone x3, Extractor  
  50  4:05  Overlord  
  50  4:13  Overlord  
  50  4:20  Baneling Nest  
  50  4:21  Overlord x3  
  50  4:25  Overlord  
  50  4:31  Zergling x2  
  50  4:32  Queen, Zergling x6  
  50  4:37  Zergling x2  
  57  4:44  Zergling x6  
  60  4:48  Evolution Chamber  
  60  4:50  Evolution Chamber  
  58  4:58  Drone x2  
  58  4:59  Drone x5  
  64  5:11  Drone x7  
  72  5:14  Drone  
  72  5:15  Spore Crawler  
  72  5:16  Drone x2  
  73  5:24  Zerg Ground Armor Level 1  
  73  5:25  Zerg Melee Weapons Level 1  
  72  5:30  Lair  
  72  5:37  Drone x2  
  72  5:38  Drone x3, Extractor  
  76  5:44  Drone  
  76  5:46  Spore Crawler  
  76  5:47  Drone  
  76  5:49  Spore Crawler, Zergling x2  
  78  5:50  Zergling x4  
  78  5:56  Drone x8  
  78  5:57  Drone  
  87  5:59  Extractor  
  87  6:00  Extractor  
  85  6:05  Overlord  
  85  6:06  Drone  
  85  6:07  Extractor  
  85  6:14  Drone  
  85  6:27  Drone  
  85  6:28  Drone x2  
  85  6:29  Overlord x2  
  85  6:32  Spire, Centrifical Hooks  
  87  6:34  Drone  
  87  6:35  Hatchery  
  87  6:39  Pneumatized Carapace  
  87  6:42  Burrow  
  87  6:50  Hatchery  
  86  6:56  Zergling x26  
  86  6:57  Overseer  
  86  7:00  Overlord  
  98  7:16  Zergling x20  
  106  7:24  Baneling x10  
  106  7:25  Baneling  
  106  7:27  Zergling x6  
  106  7:31  Zergling x4  
  108  7:41  Zergling x2  
  108  7:42  Zergling x14  
  104  7:52  Extractor  
  97  8:02  Drone x2  
  97  8:05  Drone x2  
  100  8:06  Drone x4  
  100  8:09  Drone  
  100  8:11  Drone  
  105  8:22  Queen  
  105  8:23  Zerg Ground Armor Level 2, Zerg Melee Weapons Level 2  
  105  8:25  Zerg Flyer Weapons Level 1, Mutalisk  
  105  8:26  Mutalisk x6  
  121  8:34  Baneling x7  
  121  8:36  Overlord x2  
  121  8:39  Drone x2  
  121  8:40  Drone  
  124  8:42  Drone x3  
  124  8:43  Drone x2  
  124  8:45  Drone x2  
  131  8:49  Baneling x5  
  131  8:50  Baneling x2  
  125  8:57  Extractor  
  125  8:58  Mutalisk x2  
  125  9:00  Extractor  
  123  9:12  Zergling x12  
  123  9:13  Zergling x16  
  128  9:19  Hatchery  
  114  9:35  Mutalisk x4  
  101  9:54  Mutalisk x2  
  101  9:56  Zergling x2  
  101  9:57  Zergling x10  
  101  9:59  Hatchery  
  110  10:00  Drone x3  
  110  10:01  Drone  
  110  10:02  Extractor  
  113  10:09  Baneling x5  
  113  10:16  Drone x4  
  117  10:21  Drone x2  
  117  10:22  Drone x2  
  121  10:29  Baneling x6  
  121  10:33  Mutalisk  
  121  10:34  Zergling x2  
  121  10:35  Zergling x6  
  126  10:43  Zergling x2  
  126  10:44  Zergling x12  
  129  10:58  Hatchery, Mutalisk x3  
  129  11:00  Zergling x2  
  129  11:01  Zergling x8  
  139  11:07  Baneling x6  
  139  11:09  Baneling Nest  
  138  11:11  Zergling x2  
  138  11:12  Zergling x6  
  136  11:18  Baneling  
  136  11:19  Hatchery, Zergling x2, Baneling x5  
  136  11:20  Zergling x8  
  136  11:25  Overlord x2  
  140  11:28  Baneling  
  140  11:29  Drone x2, Baneling x4  
  138  11:35  Overseer  
  138  11:37  Overseer  
  129  11:41  Zergling x6  
  129  11:42  Zergling x6  
  129  11:45  Zergling x6  
  138  11:52  Zergling x2  
  130  12:05  Zergling x2  
  130  12:06  Zergling x16  
  128  12:13  Zergling x6  
  110  12:17  Drone  
  110  12:18  Drone, Queen x2  
  110  12:19  Drone  
  110  12:20  Drone  
  110  12:21  Drone  
  119  12:25  Drone  
  119  12:26  Drone  
  119  12:28  Drone  
  122  12:34  Drone x2  
  124  12:38  Baneling x4  
  82  13:00  Mutalisk x10  
  100  13:06  Mutalisk  
  100  13:07  Zergling x2  
  100  13:08  Zergling x4  
  105  13:15  Zergling x6  
  105  13:21  Zergling x10  
  105  13:23  Zergling x2  
Show
View Real Time Build Order
Export as new Build Order

Apocalypse Terran - Winner!

Build Orders: Reaper Expand, MMM Bio 

Get SALT Encoding   

  12  0:01  SCV  
  13  0:13  SCV  
  14  0:17  Supply Depot  
  14  0:25  SCV  
  15  0:39  SCV  
  15  0:40  Barracks  
  16  0:44  Refinery  
  16  0:52  SCV  
  17  1:04  SCV  
  18  1:16  SCV  
  19  1:28  Reaper, Orbital Command  
  20  1:41  Command Center  
  20  1:45  Refinery  
  20  1:54  SCV  
  21  1:58  Supply Depot  
  21  2:01  Barracks Reactor  
  21  2:06  SCV  
  22  2:18  SCV  
  22  2:21  Factory  
  23  2:30  SCV  
  24  2:42  SCV, Marine x2  
  27  2:54  SCV, Orbital Command  
  28  2:59  Marine  
  28  3:00  Marine  
  28  3:05  Factory Tech Lab  
  30  3:06  SCV, Starport  
  31  3:17  Marine  
  31  3:18  Marine  
  31  3:19  SCV  
  34  3:21  SCV  
  35  3:27  Cyclone  
  35  3:32  SCV  
  39  3:34  Supply Depot  
  39  3:35  Marine  
  39  3:36  Marine  
  41  3:43  Medivac  
  41  3:45  SCV  
  44  3:49  SCV  
  45  3:57  Marine  
  45  3:58  SCV, Marine  
  45  4:00  Siege Tank  
  45  4:02  SCV  
  52  4:09  Supply Depot  
  52  4:12  Command Center  
  52  4:13  Liberator  
  52  4:17  Marine  
  52  4:20  Marine  
  54  4:30  SCV x2  
  59  4:33  Refinery x2  
  59  4:34  Supply Depot  
  59  4:39  Supply Depot  
  59  4:42  Marine x2  
  61  4:49  SCV  
  62  4:55  Siege Tank  
  62  4:56  SCV, Supply Depot  
  66  5:05  Engineering Bay  
  66  5:06  Engineering Bay  
  65  5:10  SCV  
  65  5:11  SCV  
  67  5:17  Starport Reactor  
  67  5:22  Barracks  
  67  5:23  SCV, Barracks Tech Lab  
  67  5:27  SCV  
  69  5:31  Siege Tank, Orbital Command  
  69  5:35  Terran Infantry Weapons Level 1  
  71  5:41  SCV x2  
  73  5:43  Terran Infantry Armor Level 1  
  73  5:46  Orbital Command  
  73  5:49  Marine  
  73  5:50  Stimpack  
  73  5:55  SCV  
  75  5:59  SCV  
  76  6:05  Barracks, Medivac  
  76  6:06  Barracks  
  78  6:11  Marine x2  
  78  6:13  SCV x2  
  78  6:14  SCV  
  83  6:24  Supply Depot  
  83  6:25  SCV x2  
  85  6:29  Barracks  
  85  6:30  SCV  
  85  6:32  Factory Reactor  
  86  6:37  SCV x2  
  88  6:41  Medivac  
  88  6:42  SCV  
  88  6:46  Armory  
  91  6:49  SCV x2  
  91  6:51  Supply Depot  
  93  6:54  Supply Depot, SCV  
  93  6:55  Barracks Reactor x2, Marauder, Marine x2  
  98  7:01  SCV  
  98  7:02  SCV  
  98  7:06  SCV  
  98  7:09  Bunker  
  98  7:12  Supply Depot  
  98  7:13  SCV  
  99  7:17  Bunker, Marauder  
  99  7:20  Widow Mine x2, Marine x2  
  99  7:21  Marauder  
  99  7:22  Medivac  
  111  7:24  SCV  
  112  7:32  Marine  
  112  7:34  Terran Infantry Weapons Level 2, Marine x2  
  115  7:37  Marine x2  
  115  7:38  Terran Ship Weapons Level 1, Marine x2  
  115  7:39  Terran Infantry Armor Level 2  
  115  7:41  SCV x2  
  118  7:50  Marine x2  
  105  7:51  Marine x2  
  105  7:53  SCV  
  105  7:55  Marine  
  105  7:56  Marauder  
  111  7:59  Widow Mine, Marine x2  
  111  8:01  SCV x2  
  111  8:04  Refinery  
  111  8:05  SCV  
  118  8:08  Marauder  
  118  8:09  Marine  
  118  8:11  Combat Shields  
  118  8:13  SCV  
  118  8:16  SCV  
  118  8:17  Refinery, Marauder  
  123  8:20  SCV  
  123  8:21  Medivac x2  
  123  8:26  Marine x3  
  130  8:28  SCV x2  
  130  8:32  Missile Turret, Marine  
  133  8:35  Supply Depot  
  133  8:36  Supply Depot, Missile Turret  
  133  8:38  Missile Turret  
  133  8:40  Supply Depot  
  133  8:56  Marine x2, Widow Mine x2  
  133  8:57  Marine x4, Marauder  
  133  8:58  Marauder  
  147  9:07  Medivac  
  137  9:11  Barracks  
  137  9:12  Command Center  
  137  9:14  Marine x2  
  137  9:15  Marine x4  
  143  9:18  Marauder  
  143  9:19  Marauder  
  146  9:25  Widow Mine  
  146  9:26  Medivac  
  144  9:32  Marine x2  
  144  9:33  Marine x2  
  144  9:35  Terran Ship Weapons Level 2  
  135  9:39  Marine x2  
  135  9:40  Marauder x2  
  135  9:41  SCV  
  141  9:48  Barracks  
  141  9:50  Barracks, Marine x4  
  126  9:53  SCV  
  126  9:56  Medivac x2  
  126  9:57  Marine x2  
  133  10:01  Marauder  
  133  10:02  Marauder  
  133  10:03  Barracks Tech Lab  
  135  10:08  Marine x4  
  135  10:09  Terran Infantry Weapons Level 3  
  135  10:10  Terran Infantry Armor Level 3  
  139  10:14  Marine  
  139  10:17  Marine  
  139  10:19  Liberator  
  141  10:22  Marine, Marauder  
  141  10:23  Starport  
  141  10:25  Marine  
  141  10:26  Supply Depot x2, Medivac  
  147  10:33  Marine  
  147  10:35  Marauder, Widow Mine, Marine  
  151  10:41  Marauder  
  151  10:42  Marine x2  
  159  10:46  Barracks Tech Lab, Marine x2  
  156  10:52  Barracks Tech Lab, Marine  
  156  10:53  Marine x2  
  156  10:56  Missile Turret, Marine  
  156  10:57  Planetary Fortress  
  156  11:00  Marine x2  
  156  11:11  Marine x2  
  156  11:12  Marauder x2, Marine x2  
  150  11:20  Marine  
  150  11:21  Marauder  
  150  11:23  Starport Reactor  
  150  11:24  Marine  
  150  11:25  Marauder, Marine  
  157  11:27  Medivac x2  
  157  11:29  Marine x3  
  157  11:30  Marine  
  165  11:33  Marauder  
  165  11:41  Marine  
  165  11:42  Marauder, Marine  
  169  11:47  Marine  
  169  11:48  Marine  
  169  11:49  Marauder x2, Marine  
  169  11:53  Marine  
  175  11:54  Marine x2  
  175  11:57  Medivac x2  
  175  11:59  Marine  
  175  12:00  Marauder  
  184  12:01  Medivac  
  186  12:09  Marine x2  
  186  12:11  Marauder  
  146  12:17  Marine  
  146  12:18  Marauder x2, Liberator x2, Marine x3  
  146  12:21  Medivac  
  156  12:22  Command Center  
  156  12:23  Marine x2  
  156  12:24  Command Center  
  156  12:27  Marine x2, Medivac  
  157  12:32  Marauder  
  157  12:35  Marine  
  157  12:36  Marine x3  
  157  12:37  Liberator  
  167  12:39  Liberator  
  167  12:40  Marauder  
  153  12:53  Marine x2  
  153  12:54  Marauder x2  
  153  12:55  Marine  
  155  13:00  Marine x2  
  155  13:02  Marine x2  
  155  13:03  Marauder  
  155  13:04  Marine  
  155  13:05  Widow Mine  
  164  13:11  Marine x2  
  166  13:15  Marauder  
  166  13:19  Marine x2  
  176  13:20  Marauder  
  176  13:28  Command Center  
  176  13:29  Supply Depot  
  176  13:30  Supply Depot  
  176  13:31  Armory  
Tags
 
Add a new tag
Caveats
  • Supply blocks, unpowered buildings, or Contaminate may cause inaccurate times.
  • Supply counts are checked every 10 seconds.